 Dungeon Crawl Stone Soup version 0.27-a0-679-g77a6b55cf3 (webtiles) character file.

Game seed: 11891452950947967353

30 tonychiu1026 the Ducker (level 3, 28/28 HPs)
             Began as a Merfolk Gladiator on Mar 18, 2021.
             Got out of the dungeon alive.
             The game lasted 00:14:46 (3025 turns).

tonychiu1026 the Ducker (Merfolk Gladiator)         Turns: 3025, Time: 00:14:47

Health: 28/28      AC: 11    Str: 15    XL:     3   Next: 20%
Magic:  3/3        EV:  5    Int:  7    God:
Gold:   47         SH:  0    Dex: 15    Spells: 2/2 levels left

rFire    . . .     SeeInvis .   a - +0 rapier
rCold    . . .     Faith    .   (no shield)
rNeg     . . .     Spirit   .   e - +0 plate armour
rPois    .         Reflect  .   c - +0 helmet
rElec    .         Harm     .   (no cloak)
rCorr    .         Rampage  .   (no gloves)
Will     .....                  (no boots)
Stlth    ..........             (no amulet)
HPRegen  0.09/turn              (no ring)
MPRegen  0.08/turn              (no ring)

@: no status effects
A: (nimble swimmer 2), mertail
a: no special abilities


You escaped.
You visited 1 branch of the dungeon, and saw 2 of its levels.

You collected 47 gold pieces.

Inventory:

Hand Weapons
 a - a +0 rapier (weapon)
 g - a +0 dagger
 l - a +0 club
 q - a +0 dagger
Missiles
 d - 3 throwing nets
 h - 17 stones
 k - 24 bolts
Armour
 b - a +0 leather armour
 c - a +0 helmet (worn)
 e - a +0 plate armour (worn)
 m - a +0 ring mail
 r - a +0 pair of boots
Scrolls
 f - 2 scrolls of holy word {unknown}
 o - a scroll of torment {unknown}
Potions
 i - a potion of heal wounds {unknown}
 j - a potion of experience {unknown}
 n - a potion of berserk rage {unknown}
 p - a potion of lignification {unknown}


   Skills:
 + Level 2.4 Fighting
 + Level 3.9 Short Blades
 + Level 2.2 Throwing
 + Level 0.7 Armour
 + Level 4.4 Dodging
 + Level 0.4 Stealth
 + Level 0.1 Evocations


You had 2 spell levels left.
You didn't know any spells.
Your spell library contained the following spells:

 Spells                   Type           Power      Damage    Failure   Level
 Magic Dart               Conj           0%         1d3       100%        1
 Blink                    Tloc           N/A        N/A       100%        2
 Call Imp                 Summ           0%         N/A       100%        2
 Slow                     Hex            0%         N/A       100%        2
 Confusing Touch          Hex            0%         N/A       100%        3
 Conjure Flame            Conj/Fire      0%         6-21      100%        3
 Gell's Gravitas          Tloc           0%         N/A       100%        3
 Mephitic Cloud           Conj/Pois/Air  0%         N/A       100%        3
 Petrify                  Tmut/Erth      0%         N/A       100%        4
 Metabolic Englaciation   Hex/Ice        0%         N/A       100%        5
 Yara's Violent Unravell  Hex/Tmut       0%         3d3       100%        5


Dungeon Overview and Level Annotations

Branches:
Dungeon (2/15)

Altars:

Shops:
D:1 *


Innate Abilities, Weirdness & Mutations

((You are quick and stealthy while swimming. (Stealth+, EV+, Speed+++)))
Your lower body shifts to a powerful aquatic tail in water.


Message History

You kill the bat!
There is a stone staircase leading up here.
There is a stone staircase leading up here.
You can't go down here!
You climb upwards.
The kobold shouts!
There is a stone staircase leading down here.
You hit the kobold.
The kobold is severely wounded.
The kobold hits you but does no damage.
You miss the kobold.
The kobold is severely wounded.
The kobold completely misses you.
You barely miss the kobold.
The kobold is severely wounded.
The kobold hits you but does no damage.
You puncture the kobold!
You kill the kobold!
h - 17 stones (gained 3)
Things that are here:
a +0 dagger; a kobold corpse A goblin comes into view.
It is wielding a +0 dagger.
The goblin shouts!
The goblin hits you but does no damage.
You puncture the goblin!
You kill the goblin!
You see here a +0 dagger.
Found a scroll labelled QIRGHI GOPN.
Found a lumpy sapphire potion.
f - 2 scrolls labelled QIRGHI GOPN (gained 1)
p - a lumpy sapphire potion You start waiting.
Done waiting.
There is a staircase leading out of the dungeon here.
Unknown command.
You can't go down here!
Are you sure you want to leave the Dungeon?
This will make you lose the game!
Uppercase [Y]es or [N]o only, please.
Are you sure you want to leave the Dungeon?
This will make you lose the game!
You have escaped!

.#.# ######### #######
.#.# ##...... ....... .#.#
#.#..... #....... # .#.#
#..#.... .#.....# # .#.#
#...#...# ..#...#. #. .#∩#
#....#...#...#.#....# #.
.#.####.....#.#.#...#...#.
... ......#.
#...#...#.#.#.#..#. .##
#.#.#.#..
#.#...@.#...#..... ...
##.##.....
#.....#...#.#..# .## #.#
##.....#...#...#.....# #.#
.....##.#...##.....# #.#
#....#..#...#..#....# #.#
#...#..#.#.#....#...# #.#
#..#......#......#..# #.#
#.#......#.#......#.# #.#
#......#..........#


There were no monsters in sight!

Vanquished Creatures
  An adder (D:2)
  An ooze (D:1)
  3 leopard geckos
  A giant cockroach (D:2)
  A bat (D:2)
  A frilled lizard (D:1)
  3 goblins
  2 kobolds (D:1)
  2 rats (D:1)
15 creatures vanquished.

Notes
Turn   | Place    | Note
-------+----------+-------------------------------------------
     0 | D:1      | tonychiu1026 the Merfolk Gladiator began the quest for the
                  | Orb.
     0 | D:1      | Reached XP level 1. HP: 16/16 MP: 1/1
  1240 | D:1      | Found Miek's General Store.
  1730 | D:1      | Reached XP level 2. HP: 22/22 MP: 2/2
  2424 | D:2      | Reached XP level 3. HP: 20/28 MP: 3/3
  3025 | D:$      | Got out of the dungeon alive.

Illustrated notes

Levels and vault maps discovered:
D:1:      matt_arrival_diagonals, layout_loops_ring, serial_shops, shop
D:2:      layout_basic

Action                   || total
-------------------------++-------
Melee: Rapier            ||    57
Evoke: Wand              ||    17
 Stab: Paralysed         ||     1
Armor: Plate armour      ||    50
Dodge: Dodged            ||    19

Table legend: (Time is in decaauts)
 A = Elapsed time spent in this place.
 B = Non-inter-level travel time spent in this place.
 C = Inter-level travel time spent in this place.
 D = Time resting spent in this place.
 E = Time spent auto-exploring this place.
 F = Levels seen in this place.
 G = Mean time per level.
                   A        B        C        D        E       F      G
               +--------+--------+--------+--------+--------+-----+--------+
         Total |   3025 |   3025 |      0 |   1976 |      0 |   2 | 1512.5 |
       Dungeon |   3025 |   3025 |      0 |   1976 |      0 |   2 | 1512.5 |
               +--------+--------+--------+--------+--------+-----+--------+

Top non-repeatable levels by time:
     D:1: 2603 daAuts
     D:2: 421 daAuts
